 Dungeon Crawl Stone Soup version 0.31-a0-986-g5e6e4ef867 (webtiles) character file.

Game seed: 13193786341817836839

80 gogogogo the Changeling (level 4, -3/28 HPs)
             Began as an Octopode Shapeshifter on Nov 20, 2023.
             Slain by a gnoll
             ... wielding a +0 halberd
              (15 damage)
             ... on level 2 of the Dungeon.
             The game lasted 00:10:09 (1403 turns).

gogogogo the Changeling (Octopode Shapeshifter)     Turns: 1403, Time: 00:10:10

Health: -3/28      AC:  1    Str: 15    XL:     4   Next: 39%
Magic:  4/4        EV: 13    Int: 12    God:
Gold:   131        SH:  0    Dex: 11    Spells: 3/3 levels left

rFire   . .          .
                       - Unarmed
rCold   . . .        (no shield)
rNeg    . . .        (helmet currently unavailable)
rPois   .            i - amulet of the acrobat
rElec   .            j - ring of wizardry
rCorr   .            (no ring)
SInv    .            (no ring)
Will    .....        (no ring)
Stlth   ++           (no ring)
HPRegen 0.24/turn    (no ring)
MPRegen 0.09/turn    (no ring)
                     (no ring)

%: acrobat, wizardry (x1)
@: beast-form
A: beast (slay +2), almost no armour, amphibious, 8 rings, camouflage 1,
gelatinous body 1, (nimble swimmer 1), tentacles
a: Begin Untransformation


You were on level 2 of the Dungeon.
You were a hulking beast.
You visited 1 branch of the dungeon, and saw 2 of its levels.

You collected 131 gold pieces.

Inventory:

Missiles
 k - 4 boomerangs (quivered)
Magical Staves
 l - a staff of death
Jewellery
 i - an amulet of the acrobat (around mantle)
 j - a ring of wizardry (left tentacle)
Talismans
 b - a beast talisman (active)
 c - a flux talisman
 d - a storm talisman
Scrolls
 e - a scroll of noise {unknown}
 g - 2 scrolls of teleportation {unknown}
 h - 2 scrolls of identify {unknown}
Potions
 a - a potion of lignification
 f - a potion of ambrosia {unknown}
 m - a potion of haste {unknown}
 n - a potion of magic {unknown}


   Skills:
 - Level 1.0 Fighting
 - Level 2.0 Dodging
 + Level 3.8 Unarmed Combat
 * Level 4.2 Shapeshifting


You had 3 spell levels left.
You didn't know any spells.
Your spell library contained the following spells:

 Spells                   Type           Power      Damage    Failure   Level
 Necrotise                Necr           0%         1d4       13%         1
 Slow                     Hex            0%         N/A       13%         1
 Summon Small Mammal      Summ           0%         N/A       13%         1
 Call Canine Familiar     Summ           0%         N/A       36%         3
 Confusing Touch          Hex            0%         N/A       36%         3
 Sigil of Binding         Hex            0%         N/A       36%         3
 Summon Guardian Golem    Hex/Summ       0%         N/A       36%         3
 Vampiric Draining        Necr           0%         2d6       36%         3
 Passage of Golubria      Tloc           0%         N/A       75%         4
 Agony                    Necr           0%         N/A       97%         5
 Silence                  Hex/Air        0%         N/A       97%         5
 Lehudib's Crystal Spear  Conj/Erth      0%         10d2      100%        8


Dungeon Overview and Level Annotations

Branches:
Dungeon (2/15)

Altars:


Innate Abilities, Weirdness & Mutations

You are a hulking beast.
Your limbs bulge with bestial killing power. (Slay +2)
You cannot wear most types of armour.
You are amphibious.
You can wear up to eight rings at the same time.
Your skin changes colour to match your surroundings (Stealth+).
Your rubbery body absorbs attacks. (AC +1, EV +1)
((You are camouflaged when in or above water. (Stealth+)))
You have tentacles for arms and can constrict up to eight enemies at once.


Message History

The orc shouts!
The orc completely misses you.
You tentacle-slap the orc but do no damage.
Your grab misses the orc. Your squeeze misses the orc.
You tentacle-slap the orc. You grab the orc. You squeeze the orc.
You kill the orc!
Things that are here:
a +0 dagger; a +0 leather armour; an orc corpse
Found a short sword.
Found a scroll labelled FEADEYTOCI.
Found 8 gold pieces.
Found 7 gold pieces.
A ball python comes into view.
Found a stone staircase leading down.
You see here a scroll labelled FEADEYTOCI.
h - 2 scrolls labelled FEADEYTOCI (gained 1)
A gnoll comes into view. It is wielding a +0 club.
Found a shiny helmet.
You see here 8 gold pieces.
You now have 131 gold pieces (gained 8).
Found a trident.
You tentacle-slap the ball python.
You kill the ball python!
Found a dagger.
You see here a +2 helmet.
The gnoll shouts!
A gnoll comes into view. It is wielding a +0 halberd.
The gnoll misses you.
You tentacle-slap the gnoll. Your grab misses the gnoll.
The gnoll is moderately wounded.
The gnoll barely misses you.
You tentacle-slap the gnoll. Your grab misses the gnoll.
The gnoll is moderately wounded.
The gnoll hits you from afar with a +0 halberd!
The gnoll hits you with a +0 club.
You tentacle-slap the gnoll. Your grab misses the gnoll. You squeeze the gnoll.
You kill the gnoll!
The gnoll hits you from afar with a +0 halberd!
Ouch! That really hurt!
You die...

##.. ## #... ..# #
#..###.. .##..#... #..
......# #.. ######.....
#.. #.).....####.# ..
#.......h)g..# #.
#.......##......
#.######......>........
#...............#......
#..####[........# ###.#
#..####.........# #
#....##..##.$...#
##.#............#####
#.#.##.##.#.#.......


You could see a gnoll.

Vanquished Creatures
  A gnoll (D:2)
  3 adders (D:2)
  A worm (D:2)
  4 dart slugs
  An orc (D:2)
  3 bats
  2 endoplasms (D:1)
  4 giant cockroaches
  A goblin (D:2)
  3 hobgoblins (D:1)
  3 jackals (D:1)
  4 kobolds
  2 quokkas (D:2)
  5 ball pythons
  2 frilled lizards (D:1)
  4 rats
43 creatures vanquished.

Notes
Turn   | Place    | Note
-------+----------+-------------------------------------------
     0 | D:1      | gogogogo the Octopode Shapeshifter began the quest for the
                  | Orb.
     0 | D:1      | Reached XP level 1. HP: 13/13 MP: 1/1
   209 | D:1      | Reached XP level 2. HP: 13/18 MP: 2/2
   481 | D:1      | Reached XP level 3. HP: 17/23 MP: 3/3
  1119 | D:2      | Reached skill level 4 in Shapeshifting
  1119 | D:2      | Reached XP level 4. HP: 27/28 MP: 4/4
  1301 | D:2      | Identified the +3 robe of Tartarus {*Slow rElec Regen+}
  1403 | D:2      | Slain by a gnoll

Illustrated notes

Levels and vault maps discovered:
D:1:      psy_arrival_radial01, layout_loops_ring, minmay_split_cup_small
D:2:      layout_loops_cross

Skill      XL: |  1  2  3 |
---------------+----------+-----
Shapeshifting  | 4 |  4.2
Fighting       | |  1.0
Dodging        | |  2.0
Unarmed Combat | |  3.8

Action                     |  1- 3 |  4- 6 || total
---------------------------+-------+-------++-------
  Melee: Unarmed           |    68 |    14 ||    82
         Constrict         |    19 |     2 ||    21
         Tentacles         |     9 |     3 ||    12
         Punch             |     1 |     1 ||     2
   Stab: Sleeping          |     2 |     1 ||     3
 Armour: Skin              |    31 |     6 ||    37
  Dodge: Dodged            |    48 |     7 ||    55
   Form: Beast             |     1 |       ||     1

Table legend: (Time is in decaauts)
 A = Elapsed time spent in this place.
 B = Non-inter-level travel time spent in this place.
 C = Inter-level travel time spent in this place.
 D = Time resting spent in this place.
 E = Time spent auto-exploring this place.
 F = Levels seen in this place.
 G = Mean time per level.
                   A        B        C        D        E       F      G
               +--------+--------+--------+--------+--------+-----+--------+
         Total |   1396 |   1088 |    308 |    194 |      0 |   2 |  698.0 |
       Dungeon |   1396 |   1088 |    308 |    194 |      0 |   2 |  698.0 |
               +--------+--------+--------+--------+--------+-----+--------+

Top non-repeatable levels by time:
     D:1: 892 daAuts
     D:2: 504 daAuts
